[Event "*** Titled Tuesday Blitz"]
[Site "Chess.com"]
[Date "2019.01.01"]
[Round "8"]
[White "MatthewG-p4p"]
[Black "Rashad_Zeynalli"]
[Result "1-0"]
[WhiteElo "2637"]
[BlackElo "2425"]
[TimeControl "180+2"]
[EndTime "14:55:15 PST"]
[Termination "MatthewG-p4p won by resignation"]

1. f4 Nf6 2. Nf3 g6 3. g3 Bg7 4. Bg2 O-O 5. O-O d6 6. d3 e5 7. Nc3 Nc6 8. e4 exf4 9. Bxf4 Nh5 10. Bg5 f6 11. Be3 Ne5 12. Nxe5 fxe5 13. Rxf8+ Qxf8 14. Nd5 Qd8 15. Qd2 c6 16. Bg5 Nf6 17. Nc3 Qb6+ 18.
Kh1 Qxb2 19. Rf1 Nh5 20. Be7 Qa3 21. Nb1 Qxa2 22. Bxd6 Be6 23. Bf3 Nf6 24. Qc3 Ng4 25.
Na3 Bd7 26. Nc4 Qa4 27. Bxg4 Bxg4 28. Bxe5 Rf8 29. Ra1 Bxe5 30. Nxe5 Qb5 31. Nxg4 Qh5 32. Nf6+ Rxf6 33. Qxf6 Qe2 34. Rf1 1-0

[Event "*** Titled Tuesday Blitz"]
[Site "Chess.com"]
[Date "2019.01.01"]
[Round "8"]
[White "Morshynska"]
[Black "StephenDedalus83"]
[Result "0-1"]
[WhiteElo "2090"]
[BlackElo "2705"]
[TimeControl "180+2"]
[EndTime "14:55:20 PST"]
[Termination "StephenDedalus83 won by resignation"]

1. d4 Nf6 2. c4 g6 3. Nf3 Bg7 4.
g3 O-O 5. Bg2 d5 6. O-O dxc4 7.
Qc2 Nfd7 8. Qxc4 Nb6 9. Qd3 Nc6 10. Rd1 Bf5 11. e4 Bg4 12. Be3 f5 13. h3 fxe4 14. Qxe4 Bf5 15. Qh4 Nd5 16. Bh6 Bf6 17. Bg5 e6 18. Nc3 Rf7 19. Rd2 h6 20. Qxh6 Rh7 21.
Bxf6 Nxf6 22. Qg5 Rh5 23. Qe3 Qd6 24. g4 Nxg4 25. hxg4 Bxg4 26. Ne5 Bf5 27. Nxc6 bxc6 28.
Ne4 Qh2+ 29. Kf1 Bh3 30. Bxh3 Rxh3 31. Ng3 Rf8 32. Qxe6+ Kg7 33. Qe5+ Kh6 34. Re1 Rxg3 35. Ke2 Rxf2+ 36. Kd1 Rxd2+ 37. Kc1 Rc2+ 0-1

[Event "*** Titled Tuesday Blitz"]
[Site "Chess.com"]
[Date "2019.01.01"]
[Round "8"]
[White "Lion_DL"]
[Black "BillForster"]
[Result "1-0"]
[WhiteElo "2365"]
[BlackElo "1712"]
[TimeControl "180+2"]
[EndTime "14:55:20 PST"]
[Termination "Lion_DL won on time"]

1. e4 c5 2. Nf3 a6 3. b3 b5 4.
Bb2 Bb7 5. d3 e6 6. a4 Nf6 7.
Be2 Be7 8. O-O O-O 9. Nc3 Qb6 10. Re1 Re8 11. Bf1 d5 12. exd5 exd5 13. Qd2 d4 14. Ne4 Nxe4 15. dxe4 Nd7 16. b4 bxa4 17. Rxa4 Bc6 18. Ra2 Qxb4 19. Qxb4 cxb4 20. Nxd4 Bb7 21. Nb3 Bf6 22. Na5 Bxb2 23. Rxb2 Bxe4 24. Rxb4 Bxc2 25.
Rc1 Bg6 26. h4 h6 27. Rb7 Ne5 28. Be2 Rad8 29. h5 1-0

[Event "*** Titled Tuesday Blitz"]
[Site "Chess.com"]
[Date "2019.01.01"]
[Round "8"]
[White "MikePerelshteyn"]
[Black "Blitzstream"]
[Result "0-1"]
[WhiteElo "2513"]
[BlackElo "2564"]
[TimeControl "180+2"]
[EndTime "14:55:22 PST"]
[Termination "Blitzstream won by resignation"]

1. Nf3 c5 2. c4 Nc6 3. g3 Nf6 4. Bg2 d5 5. O-O g6 6. cxd5 Qxd5 7. Nc3 Qh5 8. d4 cxd4 9. Nxd4 Nxd4 10. Qxd4 Bg7 11. h4 O-O 12. Nd5 Nxd5 13. Qxd5 Qxd5 14. Bxd5 Rd8 15. Bf3 Bh3 16. Re1 Rd7 17. g4 h5 18.
gxh5 gxh5 19. Bxh5 Rc8 20. Kh2 Be6 21. Rg1 Kh7 22.
Bf3 Be5+ 23. Kh1 Rc4 24. Bg5 f6 25. b3 Rb4 26. a3 Rxb3 27. Be4+ Kh8 28. Bh6 Rh3+ 29.
Kg2 Bxa1 30. Rxa1 Rxh4 31. Rh1 Rxh1 32. Kxh1 Bd5 33. Bxd5 Rxd5 34. Bf8 Re5 35. e3 Kg8 36. Bh6 Rh5+ 37. Kg2 Rxh6 38. Kf3 Kf7 39. Ke4 Rh4+ 40. f4 Rh1 41. a4 Ra1 42. Kd3 Rxa4 0-1

[Event "*** Titled Tuesday Blitz"]
[Site "Chess.com"]
[Date "2019.01.01"]
[Round "8"]
[White "nochewycandy"]
[Black "vovachesss"]
[Result "0-1"]
[WhiteElo "2264"]
[BlackElo "2482"]
[TimeControl "180+2"]
[EndTime "14:55:22 PST"]
[Termination "vovachesss won by resignation"]

1. c4 e6 2. g3 h5 3. Nf3 h4 4.
Nxh4 Rxh4 5. gxh4 Qxh4 6. d4 Nf6 7. Qd3 Nc6 8. Be3 Nb4 9. Qd2 Ng4 10. Na3 d5 11. c5 a5 12. O-O-O Nxa2+ 13. Kb1 Nb4 14. h3 Nxf2 15. Qe1 Qe4+ 16. Ka1 Qxe3 17. Bg2 Qxa3+ 18.
bxa3 Nc2+ 19. Kb2 Nxe1 20. Rdxe1 Nxh1 21. Rxh1 e5 22. e3 c6 23. h4 Bf5 24. h5 Be4 25.
Bxe4 dxe4 26. Rh4 exd4 27. Rxe4+ Kd7 28. exd4 Re8 29. Rf4 Re2+ 30. Kb3 Ke6 31. Ka4 Re3 32. Kxa5 Rxa3+ 33. Kb6 Rb3+ 34. Kc7 f5 35. Rf1 Be7 36.
Re1+ Kf7 37. Rf1 Bf6 38. Rxf5 Ke6 39. Rf4 Kd5 40. h6 Bxd4 41. h7 Rh3 42. Kxb7 Rxh7 43. Rf5+ Be5 44. Rg5 Rh2 45. Rg6 Rb2+ 46. Ka6 Kxc5 47. Rg5 Kd5 48. Rg6 c5 0-1

[Event "*** Titled Tuesday Blitz"]
[Site "Chess.com"]
[Date "2019.01.01"]
[Round "8"]
[White "Kawhi_Leonard2"]
[Black "nitpicker"]
[Result "1-0"]
[WhiteElo "2270"]
[BlackElo "2211"]
[TimeControl "180+2"]
[EndTime "14:55:29 PST"]
[Termination "Kawhi_Leonard2 won on time"]

1. e4 c5 2. Nf3 Nc6 3. d4 cxd4 4. Nxd4 Nf6 5. Nc3 d6 6. Bg5 Qb6 7. Nb3 e6 8. Bxf6 gxf6 9. Qd2 h5 10. f4 a6 11. O-O-O Bd7 12. Kb1 O-O-O 13. g3 h4 14. Bc4 Na5 15. Nxa5 Qxa5 16. a3 Bc6 17. f5 Qe5 18. Qf4 exf5 19. Bxf7 fxe4 20. Rhf1 hxg3 21. hxg3 e3 22. Qxf6 Bg7 23. Qxe5 Bxe5 24. Ne2 Rh2 25. Rde1 Kc7 26. Bc4 d5 27. Bd3 d4 28. Rf5 Kd6 29. c3 dxc3 30. Nxc3 Bxg3 31. Rxe3 Rg8 32. Rf6+ Kc7 33.
Rf7+ Kb8 34. Be4 Bxe4+ 35. Nxe4 Be5 36. Rb3 b5 37. Nc5 1-0

[Event "*** Titled Tuesday Blitz"]
[Site "Chess.com"]
[Date "2019.01.01"]
[Round "8"]
[White "WorldChampionBulletChess"]
[Black "TheoSlade"]
[Result "1-0"]
[WhiteElo "2118"]
[BlackElo "2064"]
[TimeControl "180+2"]
[EndTime "14:55:30 PST"]
[Termination "WorldChampionBulletChess won by resignation"]

1. d4 Nf6 2. e3 d5 3. b3 e6 4. Bb2 c5 5. Nf3 Nc6 6. Nbd2 Bd6 7. dxc5 Bxc5 8. Be2 O-O 9. O-O b6 10. Ne5 Nxe5 11.
Bxe5 Bb7 12. Nf3 Rc8 13. Qc1 Bd6 14. Qb2 Bxe5 15. Nxe5 Nd7 16. c4 Qf6 17. Nd3 dxc4 18. Qxf6 Nxf6 19. bxc4 Rxc4 20. Rfc1 Rfc8 21. Rxc4 Rxc4 22.
Ne5 Rc2 23. Bd3 Rc5 24. Nc4 Ba6 25. Nb2 Bxd3 26. Nxd3 Rc3 27. Ne5 Kf8 28. Kf1 Ke7 29.
Ke2 Rc2+ 30. Kf3 Nd7 31. Nd3 Nc5 32. Nb4 Rb2 33. Nc6+ Kd6 34. Nxa7 Kc7 35. a4 Nd3 36. Nb5+ Kd8 37. Rd1 Rxf2+ 38. Ke4 Rxg2 39. Rxd3+ Ke7 40. h3 Rg3 41. Na7 Rxh3 42. Nc8+ Kf6 43. Nxb6 Rh4+ 44. Kf3 Rb4 45. a5 Rb5 46. Ra3 g5 47. a6 Rxb6 48. a7 g4+ 49. Kxg4 h5+ 50. Kxh5 Rb5+ 51. Kg4 Rg5+ 52.
Kf3 Rf5+ 53. Ke2 1-0

[Event "*** Titled Tuesday Blitz"]
[Site "Chess.com"]
[Date "2019.01.01"]
[Round "8"]
[White "benhal"]
[Black "TheBigBadChessDad"]
[Result "1-0"]
[WhiteElo "2192"]
[BlackElo "2256"]
[TimeControl "180+2"]
[EndTime "14:55:36 PST"]
[Termination "benhal won by resignation"]

1. e4 e5 2. Nf3 Nc6 3. Bc4 Bc5 4.
O-O Nf6 5. d3 d6 6. c3 a6 7. a4 Ba7 8. Re1 h6 9. Nbd2 O-O 10.
Nf1 Be6 11. Bxe6 fxe6 12. Ng3 Ng4 13. Re2 g5 14. h3 Nf6 15. Be3 Qd7 16. Bxa7 Rxa7 17.
d4 exd4 18. cxd4 Qf7 19. Ra3 Raa8 20. Nh2 Nh5 21. Nxh5 Qxh5 22. Rd2 Qxd1+ 23. Rxd1 d5 24. Ng4 Kg7 25. exd5 exd5 26. Ne3 Rad8 27. Rb3 b6 28. Rc3 Rf6 29. g3 Rd7 30. Kg2 Ne7 31. b4 b5 32. axb5 axb5 33. Rdc1 c6 34. Ng4 Re6 35. Ne5 Rdd6 36. Rc5 Kf6 37. g4 Rxe5 38. dxe5+ Kxe5 39. Re1+ Kf6 40. Rc3 d4 41. Rf3+ Kg6 42. Rxe7 d3 43. Re1 1-0

[Event "*** Titled Tuesday Blitz"]
[Site "Chess.com"]
[Date "2019.01.01"]
[Round "8"]
[White "bugsbunny444"]
[Black "CaptainCasanova"]
[Result "0-1"]
[WhiteElo "2540"]
[BlackElo "2758"]
[TimeControl "180+2"]
[EndTime "14:55:40 PST"]
[Termination "CaptainCasanova won by resignation"]

1. Nf3 Nf6 2. c4 g6 3. b4 Bg7 4.
Bb2 O-O 5. g3 d5 6. cxd5 Nxd5 7. Bxg7 Kxg7 8. Qb3 Nc6 9. b5 Na5 10.
Qb2+ f6 11. d3 e5 12. Bg2 c6 13. a4 Bg4 14. O-O Rc8 15. Rc1 Qb6 16. Nbd2 a6 17.
Nc4 Nxc4 18. dxc4 Ne7 19. a5 Qc7 20. bxa6 bxa6 21. Qb6 Rfd8 22. Rd1 Be6 23. Qxa6 Rxd1+ 24. Rxd1 Rb8 25. c5 Rb5 26. Ra1 Bc8 27. Qxb5 cxb5 28.
a6 Bxa6 29. Rxa6 Qxc5 30. Nd2 Qc1+ 31. Nf1 Nf5 32. e3 b4 33. Ra7+ Kh6 34. Rb7 Qb1 35.
h4 b3 36. Bd5 b2 37. Bg8 Ng7 38. Kg2 Qe4+ 39. f3 Qxb7 0-1

[Event "*** Titled Tuesday Blitz"]
[Site "Chess.com"]
[Date "2019.01.01"]
[Round "8"]
[White "RajdeepS"]
[Black "Daniela_Movileanu"]
[Result "1/2-1/2"]
[WhiteElo "2494"]
[BlackElo "2502"]
[TimeControl "180+2"]
[EndTime "14:55:42 PST"]
[Termination "Game drawn by agreement"]

1. Nf3 c5 2. b3 g6 3. Bb2 Nf6 4. Bxf6 exf6 5. c4 d5 6. cxd5 Qxd5 7. Nc3 Qd8 8. Rc1 Be7 9. g3 O-O 10. Bg2 Nc6 11. O-O Be6 12. Na4 Qa5 13. Qc2 Nb4 14. Qb2 c4 15. Nd4 cxb3 16. Nxe6 Nxa2 17. Nxf8 Nxc1 18.
Rxc1 Qxa4 19. Nd7 Qxd7 20. Qxb3 Rb8 21. Bd5 Bd8 22. d4 b5 23. e3 a5 24. Bc6 Qc7 25.
Rc5 a4 26. Qb1 Qa5 27. Rxb5 Rxb5 28. Qxb5 Qxb5 29. Bxb5 a3 30. Bc4 Kf8 31. Kf1 Ke7 32. Ke2 Bc7 33. Kd3 Bd6 34. Kc2 Bb4 35. f3 f5 36. Kb3 Bd2 37. Kxa3 Bxe3 38. d5 Kd6 39.
Kb3 Bg1 40. h3 h5 41. Kc2 Bf2 42. g4 hxg4 43. hxg4 fxg4 44. fxg4 f5 45. gxf5 gxf5 46. Kd3 1/2-1/2

[Event "*** Titled Tuesday Blitz"]
[Site "Chess.com"]
[Date "2019.01.01"]
[Round "8"]
[White "NTBT_DHS"]
[Black "nurgyulsalimova"]
[Result "1-0"]
[WhiteElo "2692"]
[BlackElo "2476"]
[TimeControl "180+2"]
[EndTime "14:55:43 PST"]
[Termination "NTBT_DHS won by resignation"]

1. d4 Nf6 2. c4 e6 3. Nf3 d5 4. g3 Be7 5. Bg2 O-O 6. O-O dxc4 7. Qc2 b6 8. e4 Bb7 9. e5 Nd5 10. Rd1 c5 11. dxc5 Bxc5 12. Ng5 g6 13. Qxc4 Nd7 14.
Qh4 h5 15. Bf4 Rb8 16. Nc3 Nxf4 17. Qxf4 Bxg2 18. Kxg2 Qc7 19. Nce4 Rbd8 20. Rxd7 Rxd7 21. Nf6+ Kg7 22. Nxh5+ gxh5 23. Qf6+ Kg8 24. Qh6 f5 25. exf6 Rh7 26. Qg6+ Kh8 27. Rd1 Qb7+ 28. f3 Rg8 29. Rd8 Rxd8 30. f7 Rd2+ 31. Kh3 Rxf7 32. Nxf7+ Qxf7 33. Qxf7 Bg1 34. Qxh5+ 1-0

[Event "*** Titled Tuesday Blitz"]
[Site "Chess.com"]
[Date "2019.01.01"]
[Round "8"]
[White "Chessialist"]
[Black "BlackBoarder"]
[Result "0-1"]
[WhiteElo "2539"]
[BlackElo "2576"]
[TimeControl "180+2"]
[EndTime "14:55:44 PST"]
[Termination "BlackBoarder won by resignation"]

1. c4 Nf6 2. Nc3 d5 3. cxd5 Nxd5 4. g3 g6 5. Bg2 Nxc3 6. bxc3 Bg7 7. d4 c5 8. e3 O-O 9. Nf3 Nc6 10.
O-O e5 11. d5 Ne7 12. e4 Bg4 13. h3 Bxf3 14. Bxf3 Nc8 15. c4 Nd6 16. Qd3 b6 17. a4 a5 18. Bg2 f5 19. Rb1 Rb8 20. Bd2 Qd7 21. Kh2 Qxa4 22. Rfc1 Qd7 23. Rf1 Qa7 24. Bc3 Qa6 25. f4 Qxc4 26. Qxc4 Nxc4 27. exf5 gxf5 28.
fxe5 Bxe5 29. Bxe5 Nxe5 30. Rbe1 Rbe8 31. d6 Nd7 32.
Rxe8 Rxe8 33. Bc6 Rd8 34. Rxf5 Nb8 35. Bd5+ Kh8 36. h4 Rxd6 37. Rf8+ Kg7 38. Rxb8 Rxd5 39. Rxb6 a4 40. Ra6 Rd4 41. Kh3 Rb4 42. h5 h6 43.
Rg6+ Kh7 44. Rc6 c4 45. Rc7+ Kh8 46. Kg4 a3 47. Kf5 Ra4 48. Rc8+ Kg7 49. Rc7+ Kf8 0-1

[Event "*** Titled Tuesday Blitz"]
[Site "Chess.com"]
[Date "2019.01.01"]
[Round "8"]
[White "vladimirdamjanovic"]
[Black "volcanoexplorer"]
[Result "1-0"]
[WhiteElo "2586"]
[BlackElo "2342"]
[TimeControl "180+2"]
[EndTime "14:55:45 PST"]
[Termination "vladimirdamjanovic won on time"]

1. e4 e5 2. Bc4 Nf6 3. d3 c6 4. Bb3 d6 5. Nc3 g6 6. f4 Bg7 7.
fxe5 dxe5 8. Nf3 Nbd7 9. Be3 Qe7 10. O-O h6 11. Kh1 O-O 12. Qe1 Nh5 13. Qf2 Kh7 14.
Ne2 f5 15. exf5 gxf5 16. Rae1 f4 17. Bxf4 Nxf4 18. Nxf4 Rxf4 19. Qg3 Qf6 20. Re2 Nc5 21. Rfe1 Nxb3 22. axb3 Bg4 23. Rxe5 Bxf3 24. gxf3 Rxf3 25. Qg2 Rf8 26. Kg1 Rf2 27. Qe4+ Kh8 28. Re8 Qg5+ 29. Kh1 Rxe8 30. Qxe8+ Rf8 31. Qe4 Qd5 32. Qxd5 cxd5 33. Re7 Rf2 34. Rc7 Rxc2 35. Rxc2 1-0

[Event "*** Titled Tuesday Blitz"]
[Site "Chess.com"]
[Date "2019.01.01"]
[Round "8"]
[White "WinnerOleg"]
[Black "biostatistician"]
[Result "0-1"]
[WhiteElo "2371"]
[BlackElo "2455"]
[TimeControl "180+2"]
[EndTime "14:55:47 PST"]
[Termination "biostatistician won by resignation"]

1. d4 Nf6 2. c4 g6 3. Nc3 Bg7 4.
e4 d6 5. Be2 O-O 6. Be3 Nc6 7.
d5 Ne5 8. f3 e6 9. h4 exd5 10.
cxd5 c6 11. dxc6 bxc6 12. Qd2 Nh5 13. O-O-O Ng3 14. Rh2 Nxe2+ 15. Qxe2 Rb8 16. Bxa7 Rb7 17. Bc5 Qa5 18. Bxd6 Re8 19. g4 Be6 20. a3 Nc4 21. Bb4 Rxb4 22. axb4 Qa1+ 23. Nb1 Bxb2+ 24. Qxb2 Nxb2 25.
Rxb2 Ba2 26. Ne2 Bc4 27. Nc3 Qa7 28. Nd2 Qe3 29. Nb1 Rd8 30. Rc2 Be2 31. Rc3 Qd4 32.
Re1 Bd3 33. Rh1 Qxb4 34. Re1 Bb5 35. Ree3 Ra8 36. e5 Ra1 37. e6 fxe6 38. Rxe6 Qxc3+ 0-1

[Event "*** Titled Tuesday Blitz"]
[Site "Chess.com"]
[Date "2019.01.01"]
[Round "8"]
[White "Vegan4future"]
[Black "VeraNebolsina"]
[Result "0-1"]
[WhiteElo "2343"]
[BlackElo "2379"]
[TimeControl "180+2"]
[EndTime "14:55:49 PST"]
[Termination "VeraNebolsina won by resignation"]

1. d4 Nf6 2. c4 g6 3. Nf3 Bg7 4. g3 O-O 5. Bg2 d6 6. O-O c6 7. Nc3 Bf5 8. Ne1 Qc8 9. e4 Bh3 10. b3 Bxg2 11. Kxg2 c5 12. Nc2 Nc6 13. Bb2 cxd4 14. Nxd4 Nxd4 15. Qxd4 Qc6 16. Nd5 Qd7 17. Rad1 Nh5 18. Qd2 Bxb2 19. Qxb2 Rac8 20. f4 b5 21. cxb5 e6 22. Nc3 Qc7 23. Rd3 f5 24. a4 fxe4 25. Nxe4 Qb7 26. Qe2 e5 27. Qf3 Rc2+ 28. Rf2 Rxf2+ 29.
Nxf2 Qc8 30. Rxd6 exf4 31. g4 Nf6 32. a5 Qc5 33. Ra6 Qxb5 34. Rxa7 Nd5 35. h4 Ne3+ 36. Kh3 Qf1+ 37. Kh2 Nxg4+ 38. Qxg4 Qxf2+ 39. Kh3 Qxa7 40. h5 Qf7 41. Qf3 Qf5+ 42. Kh2 Qxh5+ 43. Kg2 Qxf3+ 44.
Kxf3 Rb8 0-1

[Event "*** Titled Tuesday Blitz"]
[Site "Chess.com"]
[Date "2019.01.01"]
[Round "8"]
[White "HouseOfDurin"]
[Black "Fins0905"]
[Result "0-1"]
[WhiteElo "1865"]
[BlackElo "2563"]
[TimeControl "180+2"]
[EndTime "14:55:49 PST"]
[Termination "Fins0905 won on time"]

1. d4 d5 2. Bg5 h6 3. Bh4 c6 4. e3 Qb6 5. b3 Bf5 6. Bd3 Bxd3 7. Qxd3 e6 8. Nd2 Be7 9. Bg3 Nf6 10. Ne2 O-O 11.
O-O c5 12. c4 Nc6 13. a3 cxd4 14. exd4 dxc4 15. Nxc4 Qa6 16. Rfd1 Rfd8 17. Ne5 Qxd3 18. Rxd3 Nxe5 19. Bxe5 Rac8 20. b4 Rc2 21. Kf1 Rdc8 22. Rad1 Nd5 23. R3d2 Bg5 24. f4 Be7 25. Rxc2 Rxc2 26.
Rc1 Ra2 27. Rc8+ Kh7 28. Nc3 Ne3+ 29. Kg1 Rxg2+ 30. Kh1 Rc2 31. h3 Bh4 32. Rc7 Bg3 33. Nd5 exd5 34. Rxc2 Nxc2 35. Bb8 a6 36. Kg2 Bh4 37.
Bd6 Nxd4 0-1

[Event "*** Titled Tuesday Blitz"]
[Site "Chess.com"]
[Date "2019.01.01"]
[Round "8"]
[White "minnesotachessmaster"]
[Black "Atanejhad"]
[Result "0-1"]
[WhiteElo "1910"]
[BlackElo "2250"]
[TimeControl "180+2"]
[EndTime "14:55:51 PST"]
[Termination "Atanejhad won by resignation"]

1. e4 c5 2. Nf3 g6 3. d4 cxd4 4. Nxd4 Nc6 5. Nc3 Bg7 6. Be3 Nf6 7. Nxc6 bxc6 8. e5 Ng8 9. f4 Nh6 10. Bd3 O-O 11. O-O d6 12. exd6 exd6 13. Qf3 d5 14. Bf2 Ng4 15. Bc5 Re8 16. h3 Nh6 17. Ne2 Bf5 18.
Kh1 Bxd3 19. Qxd3 Bxb2 20. Rab1 Bg7 21. Bd4 Bxd4 22. Nxd4 Qd7 23. f5 c5 24. fxg6 cxd4 25. gxh7+ Kh8 26. Rf6 Re6 27. Qxd4 Rxf6 28. Qxf6+ Kxh7 29. Rb4 Rg8 30. Rh4 Rg6 31. Qf4 Qe6 32. Qf2 Kg7 33.
Kh2 Nf5 34. Rf4 Ne3 35. g4 Qe5 36. Qg3 f5 37. Kh1 Qa1+ 38. Kh2 Nxg4+ 39. hxg4 Rh6+ 40. Kg2 Qh1+ 41. Kf2 Rh2+ 42. Ke3 Rh3 0-1

[Event "*** Titled Tuesday Blitz"]
[Site "Chess.com"]
[Date "2019.01.01"]
[Round "8"]
[White "Diwi89"]
[Black "Ali_rastbod"]
[Result "0-1"]
[WhiteElo "2739"]
[BlackElo "2612"]
[TimeControl "180+2"]
[EndTime "14:55:52 PST"]
[Termination "Ali_rastbod won by checkmate"]

1. e4 e6 2. Nf3 d5 3. Nc3 d4 4. Ne2 Nf6 5. e5 Nfd7 6. Nexd4 Nxe5 7. Nxe5 Qxd4 8. Nf3 Qf6 9. d4 h6 10. Bd3 Bd6 11.
O-O O-O 12. Qe2 Nd7 13. Re1 Rd8 14. c4 c5 15. b4 cxd4 16. c5 Bc7 17. Qe4 Nf8 18.
Bb2 Qf4 19. Qxf4 Bxf4 20. Be4 d3 21. Red1 d2 22. g3 Bc7 23. Nxd2 Rb8 24. Nc4 Rxd1+ 25. Rxd1 Nd7 26. Nd6 Bxd6 27. Rxd6 Kf8 28. Bc2 g6 29.
Ba4 Ke7 30. Bc1 g5 31. h4 f6 32. hxg5 hxg5 33. f4 gxf4 34. Bxf4 e5 35. Bh6 b6 36. Bxd7 Bxd7 37. Be3 Rb7 38. a3 bxc5 39. Bxc5 Kf7 40. Kf2 Bb5 41. Ke3 a6 42. Ke4 Rc7 43. g4 Rd7 44. Rb6 Bd3+ 45. Ke3 Bb5 46. Rb8 Rd3+ 47. Ke4 Rxa3 48. Rf8+ Kg6 49. Be7 Bc6# 0-1

[Event "*** Titled Tuesday Blitz"]
[Site "Chess.com"]
[Date "2019.01.01"]
[Round "8"]
[White "TigranLPetrosyan"]
[Black "Bigfish1995"]
[Result "1-0"]
[WhiteElo "2855"]
[BlackElo "2909"]
[TimeControl "180+2"]
[EndTime "14:55:54 PST"]
[Termination "TigranLPetrosyan won by resignation"]

1. g3 d5 2. Bg2 c6 3. Nf3 Nf6 4.
c4 g6 5. cxd5 cxd5 6. d4 Bg7 7.
Nc3 O-O 8. Ne5 e6 9. O-O Nfd7 10.
f4 Nb6 11. b3 Bd7 12. a4 Nc6 13. Ba3 Re8 14. Rc1 a6 15. Qd2 f6 16. Nd3 Nxd4 17.
Nc5 Nc6 18. Nxb7 Qb8 19. Nc5 Bc8 20. e4 d4 21. Ne2 e5 22. fxe5 fxe5 23. Nd3 Nd8 24.
Rc2 Be6 25. Nc5 Bf7 26. Qd3 Ne6 27. Nxa6 Qb7 28. Nc5 Nxc5 29. Bxc5 Qa6 30. Qxa6 Rxa6 31. Nc1 Rc8 32. Rff2 Nd7 33. Bh3 Nxc5 34. Bxc8 Rc6 35. Bb7 Rb6 36. Rxc5 Rxb7 37. Rc8+ Bf8 38. Nd3 Re7 39.
a5 Kg7 40. a6 Bxb3 41. Rfxf8 1-0

[Event "*** Titled Tuesday Blitz"]
[Site "Chess.com"]
[Date "2019.01.01"]
[Round "8"]
[White "aa175"]
[Black "Kangoroo3000"]
[Result "0-1"]
[WhiteElo "1924"]
[BlackElo "2638"]
[TimeControl "180+2"]
[EndTime "14:55:56 PST"]
[Termination "Kangoroo3000 won by checkmate"]

1. a3 d5 2. Nf3 Bg4 3. Ne5 Bf5 4.
d4 Nf6 5. e3 Nbd7 6. Nf3 e6 7.
b3 Be7 8. Bb2 O-O 9. Nbd2 c5 10.
Nh4 Bg4 11. Be2 Bxe2 12. Qxe2 Rc8 13. c3 cxd4 14. cxd4 Rc2 15. Rb1 Ne4 16. Nhf3 Qc7 17. O-O Rc8 18. Qd3 Ndf6 19. Rfc1 Rxc1+ 20. Rxc1 Qxc1+ 21. Bxc1 Rxc1+ 22. Nf1 Ng4 23. Qb5 b6 24. h3 Ngf6 25.
Qa6 Rc7 26. Ne5 g6 27. g4 Kg7 28. Kg2 Bd6 29. Nh2 Rc2 30. Qb7 Rxf2+ 31. Kg1 Bxe5 32. dxe5 Ng8 33. Qxa7 b5 34. Qa5 Re2 35. Nf1 h5 36.
Qxb5 Rb2 37. gxh5 gxh5 38. a4 Nh6 39. a5 Nf5 40. Qd3 Nh4 41. Qd1 Rg2+ 42. Kh1 Nf2# 0-1

[Event "*** Titled Tuesday Blitz"]
[Site "Chess.com"]
[Date "2019.01.01"]
[Round "8"]
[White "JSMastropiero"]
[Black "julinha97"]
[Result "1-0"]
[WhiteElo "2276"]
[BlackElo "2105"]
[TimeControl "180+2"]
[EndTime "14:56:01 PST"]
[Termination "JSMastropiero won by resignation"]

1. d4 Nf6 2. c4 g6 3. Nc3 Bg7 4. e4 d6 5. f3 O-O 6. Nge2 c5 7. d5 e6 8. Ng3 exd5 9. cxd5 h5 10. Bg5 a6 11. a4 Re8 12. Be2 Qc7 13. Qd2 Nbd7 14.
O-O c4 15. Rfc1 Rb8 16. Be3 b5 17. axb5 axb5 18. b4 h4 19. Nh1 Ne5 20. Nf2 Nh5 21. f4 Nd7 22. Bxh5 gxh5 23. Bd4 Bxd4 24. Qxd4 Qb6 25.
Qd2 Nf6 26. f5 Nxe4 27. Nxe4 Rxe4 28. Qg5+ Kf8 29. f6 Re2 30. Qg7+ Ke8 31. Qg8+ Kd7 32. Qxf7+ Kd8 33. Rf1 Bd7 34. Qxh5 Qe3 35. f7 Kc7 36. Ra7+ Kb6 37. Rxd7 Rxf2 38. Rxf2 Qe1+ 39. Rf1 Qe3+ 40. Kh1 c3 41. Rxd6+ Kb7 42. Qg6 Rc8 43. Rd7+ Kb8 44. Qd6+ Ka8 45. Ra1+ 1-0

[Event "*** Titled Tuesday Blitz"]
[Site "Chess.com"]
[Date "2019.01.01"]
[Round "8"]
[White "Zarikovs1999"]
[Black "Makalexa"]
[Result "1-0"]
[WhiteElo "2257"]
[BlackElo "2137"]
[TimeControl "180+2"]
[EndTime "14:56:02 PST"]
[Termination "Zarikovs1999 won on time"]

1. Nf3 Nf6 2. c4 g6 3. Nc3 c5 4. d4 cxd4 5. Nxd4 Nc6 6. g3 Bg7 7. Bg2 O-O 8. O-O Nxd4 9. Qxd4 d6 10. Qd3 Bf5 11. e4 Bc8 12. b3 Nd7 13. Bb2 Nc5 14. Qe2 a5 15. Nd5 Bd7 16. Bxg7 Kxg7 17. e5 Bc6 18. exd6 exd6 19. Qb2+ f6 20. Qd4 Rf7 21.
Rfe1 Bxd5 22. Bxd5 Re7 23. Kg2 Qd7 24. Rxe7+ Qxe7 25. Rd1 Re8 26. Qd2 b6 27. Bf3 Ne4 28. Qe3 f5 29. Bxe4 fxe4 30. Qxb6 e3 31. Qd4+ Kf7 32. Qxe3 Qxe3 33. fxe3 Rxe3 34. Rxd6 Re2+ 35. Kh3 Rxa2 36. Rd7+ Ke6 37. Rxh7 Rb2 38. Ra7 Rxb3 39. Rxa5 Rc3 40. Rg5 Kf6 41. Rc5 Kg7 42. Kg4 Kh6 43. h4 Rc1 44.
Rc7 Rc3 45. Kf4 Rd3 46. c5 Rc3 47. c6 Rc4+ 48. Ke5 Rc3 49. Rc8 Rxg3 50. Rh8+ Kg7 51. c7 Re3+ 52. Kf4 Rc3 53. c8=Q g5+ 54. hxg5 Rf3+ 55.
Kxf3 1-0

[Event "*** Titled Tuesday Blitz"]
[Site "Chess.com"]
[Date "2019.01.01"]
[Round "8"]
[White "pulvettd"]
[Black "jerom555888"]
[Result "0-1"]
[WhiteElo "2490"]
[BlackElo "2710"]
[TimeControl "180+2"]
[EndTime "14:56:04 PST"]
[Termination "jerom555888 won by checkmate"]

1. d4 Nf6 2. c4 d6 3. Nf3 Nbd7 4. Nc3 e5 5. g3 Be7 6. Bg2 O-O 7. O-O c6 8. e4 Re8 9. h3 a6 10. a4 a5 11. Be3 exd4 12. Nxd4 Bf8 13. Qc2 Nc5 14. Rad1 Qc7 15. Rfe1 Bd7 16. Bg5 Be7 17. Nf5 Bxf5 18. exf5 h6 19. Bf4 Bf8 20. g4 Qb6 21. g5 hxg5 22.
Bxg5 Nh7 23. Be3 Qb4 24. Rd4 Nf6 25. Rh4 Re5 26. Kh1 Qb3 27. Qd2 Rae8 28. Rg1 Rxf5 29. Bd4 Ncd7 30. Bxc6 bxc6 31. Qh6 Rh5 32. Rxh5 Nxh5 33.
Qxh5 Qxc4 34. Qh4 d5 35. b3 Qd3 36. Qg4 Re6 37. Rg3 Re1+ 38. Kh2 Qf1 39. Rg2 Bd6+ 40. f4 Bxf4+ 41. Rg3 Qh1# 0-1

[Event "*** Titled Tuesday Blitz"]
[Site "Chess.com"]
[Date "2019.01.01"]
[Round "8"]
[White "MerdeNoms943"]
[Black "yobdc"]
[Result "0-1"]
[WhiteElo "2246"]
[BlackElo "2178"]
[TimeControl "180+2"]
[EndTime "14:56:10 PST"]
[Termination "yobdc won by checkmate"]

1. e4 c6 2. d4 d5 3. Nc3 dxe4 4. Nxe4 Bf5 5. Ng3 Bg6 6. h4 h6 7. Nf3 e6 8. h5 Bh7 9. Bd3 Bxd3 10. Qxd3 Nf6 11.
Bf4 Qa5+ 12. Bd2 Bb4 13. c3 Be7 14. Ne5 Nbd7 15. f4 c5 16. O-O cxd4 17. cxd4 Qd5 18. Rae1 Rd8 19. Bc3 O-O 20. Qe2 Bb4 21. f5 Nxe5 22.
dxe5 Bxc3 23. bxc3 Qc5+ 24. Kh1 Nh7 25. f6 gxf6 26. Ne4 Qa5 27. Rxf6 Qxe5 28. Qg4+ Kh8 29. Rxh6 Rg8 30. Qh4 Qg7 31. Rxh7+ Kxh7 32. Nf6+ Kh8 33. Nxg8 Rxg8 34. Re2 Qxc3 35. h6 Qa1+ 36. Re1 Qc3 37. Re2 Rg6 38. Qd8+ Kh7 39. Qe8 Qa1+ 40.
Kh2 Qf6 41. Qb5 Rxh6+ 42. Kg1 Qd4+ 43. Kf1 Rh1# 0-1

[Event "*** Titled Tuesday Blitz"]
[Site "Chess.com"]
[Date "2019.01.01"]
[Round "8"]
[White "albi1999"]
[Black "Chessmatus"]
[Result "1-0"]
[WhiteElo "2455"]
[BlackElo "2189"]
[TimeControl "180+2"]
[EndTime "14:56:13 PST"]
[Termination "albi1999 won by resignation"]

1. d4 Nf6 2. c4 e6 3. g3 c5 4. Nf3 cxd4 5. Nxd4 d5 6. Bg2 e5 7.
Nf3 d4 8. O-O Nc6 9. e3 Be7 10.
exd4 exd4 11. Bf4 Be6 12. Nbd2 O-O 13. a3 a5 14. Ne5 Qb6 15. Re1 Qxb2 16. Rb1 Qxa3 17.
Rxb7 Nxe5 18. Bxe5 Bb4 19. Nb1 Qa2 20. Rxb4 axb4 21.
Bxa8 Rxa8 22. Qxd4 Qxc4 23. Bxf6 gxf6 24. Qxf6 Qd3 25.
Qg5+ Qg6 26. Qb5 b3 27. Nd2 Qc2 28. Ne4 b2 29. Qg5+ Kf8 30. Qh6+ Ke7 31. Qf6+ Kd7 32. Qd4+ Kc6 33. Qd6+ Kb5 34. Qe5+ Kb4 35. Qd4+ Ka3 36. Nc3 Rc8 37. Nb5+ Ka2 38. Qa7+ Kb3 39. Nd4+ Kc3 40. Nxc2 Kxc2 41. Qe3 b1=Q 42. Qe4+ Kd2 43. Qxb1 1-0